 Dungeon Crawl Stone Soup version 0.30-a0-54-g2e61a25929 (webtiles) character file.

Game seed: 11092378759730041759

56 jlumianski the Chopper (level 3, -3/27 HPs)
             Began as a Demonspawn Gladiator on Sept 9, 2022.
             Killed from afar by an orc wizard (5 damage)
             ... with a puff of flame
             ... on level 3 of the Dungeon.
             The game lasted 00:07:42 (2117 turns).

jlumianski the Chopper (Demonspawn Gladiator)       Turns: 2117, Time: 00:07:43

Health: -3/27      AC: 10    Str: 16    XL:     3   Next: 69%
Magic:  3/3        EV: 10    Int:  9    God:
Gold:   125        SH:  0    Dex: 14    Spells: 2/2 levels left

rFire   . . .      SeeInvis .    a - +0 war axe
rCold   . . .      Faith    .    (no shield)
rNeg    . . .      Spirit   .    m - +0 scale mail
rPois   +          Reflect  .    (helmet restricted)
rElec   +          Harm     .    l - +0 cloak
rCorr   +          Rampage  .    (no gloves)
Will    .....                    h - +2 pair of boots
Stlth   ..........               (no amulet)
HPRegen 0.09/turn                i - ring of poison resistance
MPRegen 0.08/turn                A - ring "Idem" {rElec rCorr}

@: no status effects
A: horns 1, powered by death 1
a: no special abilities


You were on level 3 of the Dungeon.
You visited 1 branch of the dungeon, and saw 4 of its levels.

You collected 125 gold pieces.

Inventory:

Hand Weapons
 a - a +0 war axe (weapon)
 y - a +0 dagger of venom
Missiles
 d - 3 throwing nets
 e - a javelin
 f - 48 stones
 o - 7 poisoned darts (quivered)
Armour
 b - a +0 leather armour
 c - a +0 helmet
 h - a +2 pair of boots (worn)
 l - a +0 cloak (worn)
 m - a +0 scale mail (worn)
Magical Staves
 q - a staff of fire
Jewellery
 i - a ring of poison resistance (left hand)
 u - a ring of magical power
 A - the ring "Idem" (right hand) {rElec rCorr}
   (You found it on level 4 of the Dungeon)

   [ring of resist corrosion]

   rElec:     It insulates you from electricity.
   rCorr:     It protects you from acid and corrosion.
Scrolls
 j - 2 scrolls of poison {unknown}
 k - 4 scrolls of identify {unknown}
 r - 2 scrolls of magic mapping {unknown}
 s - a scroll of enchant armour {unknown}
 v - a scroll of teleportation {unknown}
 w - a scroll of immolation {unknown}
 x - a scroll of butterflies {unknown}
 z - a scroll of fear {unknown}
Potions
 g - a potion of curing {unknown}
 n - a potion of cancellation {unknown}
 p - a potion of attraction {unknown}
 t - a potion of heal wounds {unknown}


   Skills:
 + Level 2.2 Fighting
 + Level 3.7 Axes
 + Level 1.9 Throwing
 + Level 0.5 Armour
 + Level 3.0 Dodging


You had 2 spell levels left.
You didn't know any spells.
Your spell library contained the following spells:

 Spells                   Type           Power      Damage    Failure   Level
 Magic Dart               Conj           0%         1d3       83%         1
 Searing Ray              Conj           0%         2d4       93%         2
 Gell's Gravitas          Tloc           0%         N/A       99%         3
 Teleport Other           Tloc           0%         N/A       99%         3
 Fulminant Prism          Conj/Hex       0%         3d6       100%        4
 Dispersal                Tloc           0%         N/A       100%        6


Dungeon Overview and Level Annotations

Branches:
Dungeon (4/15)
 Temple: D:4-7

Altars:


Innate Abilities, Weirdness & Mutations

You have a pair of small horns on your head.
You regenerate a little health from kills.


Message History

You bump into the rock wall.
Something hits you but does no damage.
You bump into the rock wall.
You feel less confused.
You hear some strange, mumbled words.
You are confused.
You bump into the rock wall.
You hear some strange, mumbled words.
You are more confused.
You completely miss something. Something hits you but does no damage.
Something hits you.
You closely miss something. Something hits you but does no damage.
You bump into the rock wall.
Something hits you but does no damage.
You bump into the rock wall.
Something hits you.
You miss something. Something hits you but does no damage.
Found 12 gold pieces.
A magic dart appears from out of thin air!
The magic dart hits you. Something hits you but does no damage.
Something hits you but does no damage.
You bump into the rock wall.
You feel less confused.
An orc wizard appears from thin air!
Reactivating autopickup.
The orc wizard casts a spell at you. The puff of flame hits you!
* * * LOW HITPOINT WARNING * * *
You closely miss the orc wizard. Your headbutt misses the orc wizard.
The orc wizard is severely wounded.
The orc wizard gestures at you while chanting.
The puff of flame hits you.
* * * LOW HITPOINT WARNING * * *
The orc wizard gestures wildly while chanting.
The orc wizard flickers and vanishes!
Deactivating autopickup; reactivate with Ctrl-A.
Okay, then.
You closely miss something.
You hear some strange, mumbled words.
A puff of flame appears from out of thin air!
The puff of flame hits you.
You die...

.......>#..
.......###..#.##
....... #..#<.#
.....$. #..#..#
....... #.....#
....... ##....#
....... #....#
.......####....#
.......@{....#.#
###########..###
...... #...####
....# .##..# #.
...# .##


There were no monsters in sight!

Vanquished Creatures
  3 dart slugs
  4 orcs (D:4)
  2 bats (D:1)
  5 endoplasms
  2 giant cockroaches
  5 goblins
  3 hobgoblins
  3 jackals (D:1)
  3 quokkas (D:1)
  A ball python (D:2)
  2 frilled lizards
  5 kobolds (D:1)
  A rat (D:1)
39 creatures vanquished.

Vanquished Creatures (others)
  A plant (D:2)
1 creature vanquished.

Grand Total: 40 creatures vanquished

Notes
Turn   | Place    | Note
-------+----------+-------------------------------------------
     0 | D:1      | jlumianski the Demonspawn Gladiator began the quest for the
                  | Orb.
     0 | D:1      | Reached XP level 1. HP: 16/16 MP: 1/1
    45 | D:1      | Found a faded altar of an unknown god.
   259 | D:1      | Gained mutation: You regenerate a little health from kills.
                  | [demonic ancestry]
   259 | D:1      | Reached XP level 2. HP: 22/22 MP: 2/2
   802 | D:1      | Gained mutation: You have a pair of small horns on your
                  | head. [demonic ancestry]
   802 | D:1      | Reached XP level 3. HP: 27/27 MP: 3/3
  2053 | D:4      | Identified the ring "Idem" {rElec rCorr}
  2116 | D:3      | HP: 1/27 [orc wizard/puff of flame (2)]
  2117 | D:3      | Killed from afar by an orc wizard

Illustrated notes

Levels and vault maps discovered:
D:1:      noname_arrival_rooms_in_the_neighbourhood, layout_basic,
          basic_ecumenical_altar, minmay_crystal_room
D:2:      minmay_door_path, layout_rooms, guppyfry_early_lair_pool
D:3:      layout_basic, chequers_big_river, kennysheep_cross_room,
          minmay_misc_feat_tiny, mrwooster_statue_mirror, minmay_misc_feat_iff
D:4:      layout_basic, serial_shops, shop, nicolae_lakefront_shop,
          lemuel_flame_loot_1

Skill      XL: |  1  2 |
---------------+-------+-----
Axes           | 3 |  3.7
Dodging        | 3 |  3.0
Fighting       | |  2.2
Throwing       | |  1.9
Armour         | |  0.5

Action                   || total
-------------------------++-------
Melee: War axe           ||   125
       Headbutt          ||     3
       Punch             ||     1
Armor: Leather armour    ||     8
       Scale mail        ||    71
Dodge: Dodged            ||    84

Table legend: (Time is in decaauts)
 A = Elapsed time spent in this place.
 B = Non-inter-level travel time spent in this place.
 C = Inter-level travel time spent in this place.
 D = Time resting spent in this place.
 E = Time spent auto-exploring this place.
 F = Levels seen in this place.
 G = Mean time per level.
                   A        B        C        D        E       F      G
               +--------+--------+--------+--------+--------+-----+--------+
         Total |   2159 |   2159 |      0 |      0 |   1116 |   4 |  539.8 |
       Dungeon |   2159 |   2159 |      0 |      0 |   1116 |   4 |  539.8 |
               +--------+--------+--------+--------+--------+-----+--------+

Top non-repeatable levels by time:
     D:1: 1115 daAuts
     D:2: 796 daAuts
     D:3: 181 daAuts
     D:4: 66 daAuts
